APL (24 & UNDER)
EL PASO TEXANS @ MONTGOMERY GREY SOX
06/20/2026
 
TOP OF THE 1ST
Dunedin Blue Jays batting - Pitching for Montgomery Grey Sox : RHP Michael Young
Pitching: RHP Michael Young
Batting: RHB Fernando Bórquez 0-0: Ball
1-0: Called Strike
1-1: Foul Ball, location: 2F
1-2: Ball
2-2: Ball
3-2: Fly out, F8 (Flyball, 78M)
Batting: RHB António Aguilar 0-0: Called Strike
0-1: Called Strike
0-2: Ball
1-2: Ball
2-2: Ball
3-2: Strikes out swinging
Batting: RHB Keith Ivey 0-0: Ball
1-0: Foul Ball, location: 2F
1-1: Ball
2-1: Swinging Strike
2-2: Strikes out looking
Top of the 1st over - 0 run(s), 0 hit(s), 0 error(s), 0 left on base; Dunedin 0 - Montgomery 0
BOTTOM OF THE 1ST
Montgomery Grey Sox batting - Pitching for Dunedin Blue Jays : RHP Carlos Díaz
Pitching: RHP Carlos Díaz
Batting: RHB José Montoya 0-0: Ball
1-0: Foul Ball, location: 2F
1-1: Ball
2-1: Foul Ball, location: 2F
2-2: Foul Ball, location: 2F
2-2: Foul Ball, location: 2F
2-2: Ball
3-2: Base on Balls
Batting: RHB Rusty Downy 0-0: Foul Ball, location: 2F
0-1: Foul Ball, location: 2F
0-2: Ball
1-2: Foul Ball, location: 2F
1-2: Ball
2-2: Ball
3-2: Strikes out swinging
Batting: RHB Félix Cruz 0-0: Ball
1-0: Called Strike
1-1: Called Strike
José Montoya steals 2nd base
1-2: Ball
2-2: Ground out 5-3 (Groundball, 56)
Batting: LHB Al Gaines 0-0: Foul Ball, location: 2F
0-1: Ball
1-1: Ball
2-1: DOUBLE (Line Drive, 89M)
José Montoya scores
Batting: RHB Bob Johnson 0-0: Ball
1-0: Called Strike
1-1: Called Strike
1-2: Ground out 5-3 (Groundball, 5S)
Bottom of the 1st over - 1 run(s), 1 hit(s), 0 error(s), 1 left on base; Dunedin 0 - Montgomery 1
TOP OF THE 2ND
Dunedin Blue Jays batting - Pitching for Montgomery Grey Sox : RHP Michael Young
Batting: RHB Gilberto Tovar 0-0: Called Strike
0-1: Foul Ball, location: 2F
0-2: Ball
1-2: Foul Ball, location: 2F
1-2: Ball
2-2: Foul Ball, location: 2F
2-2: Foul Ball, location: 2F
2-2: Foul Ball, location: 2F
2-2: Ball
3-2: Fly out, F9 (Line Drive, 9S)
Batting: RHB David Castillo 0-0: Called Strike
0-1: Foul Ball, location: 2F
0-2: Ball
1-2: Foul Ball, location: 2F
1-2: Ground out 5-3 (Groundball, 6)
Batting: LHB Roberto Félix 0-0: Ball
1-0: Ball
2-0: Swinging Strike
2-1: Foul Ball, location: 2F
2-2: Ball
3-2: Strikes out swinging
Top of the 2nd over - 0 run(s), 0 hit(s), 0 error(s), 0 left on base; Dunedin 0 - Montgomery 1
BOTTOM OF THE 2ND
Montgomery Grey Sox batting - Pitching for Dunedin Blue Jays : RHP Carlos Díaz
Batting: SHB Hoyt Norris 0-0: Foul Ball, location: 2F
0-1: Ball
1-1: Called Strike
1-2: SINGLE (Line Drive, 8LS)
Batting: SHB Joe Pierce 0-0: Ball
1-0: Called Strike
1-1: Ball
2-1: SINGLE (Groundball, 5D)
Hoyt Norris to second
Batting: RHB José Carlos Caraballo 0-0: Foul Ball, location: 2F
0-1: Ball
1-1: Ball
2-1: Ball
3-1: Fly out, F9 (Flyball, 89M)
Batting: RHB Sergio Gonzáles 0-0: Ball
1-0: Called Strike
1-1: Ground out 5-3 (Groundball, 5S)
Hoyt Norris to third
Joe Pierce to second
Batting: RHB José Montoya 0-0: Foul Ball, location: 2F
0-1: Foul Ball, location: 2F
0-2: Ball
1-2: Strikes out swinging
Bottom of the 2nd over - 0 run(s), 2 hit(s), 0 error(s), 2 left on base; Dunedin 0 - Montgomery 1
TOP OF THE 3RD
Dunedin Blue Jays batting - Pitching for Montgomery Grey Sox : RHP Michael Young
Batting: RHB Andrew O'Dell 0-0: Foul Ball, location: 2F
0-1: Ground out 6-3 (Groundball, 6MS)
Batting: RHB José Murillo 0-0: Foul Ball, location: 2F
0-1: Foul Ball, location: 2F
0-2: Foul Ball, location: 2F
0-2: Foul Ball, location: 2F
0-2: SINGLE (Groundball, 56D) (infield hit)
Batting: RHB Willie De La Cruz 0-0: Ball
1-0: Foul Ball, location: 2F
1-1: Ball
2-1: Ball
3-1: Foul Ball, location: 2F
3-2: Strikes out looking
Batting: RHB Fernando Bórquez 0-0: Ball
1-0: Called Strike
1-1: SINGLE (Line Drive, 7S)
José Murillo to second
Batting: RHB António Aguilar 0-0: Ball
1-0: Ball
2-0: Ball
3-0: Called Strike
3-1: Called Strike
3-2: Base on Balls
José Murillo to third
Fernando Bórquez to second
Batting: RHB Keith Ivey 0-0: Called Strike
0-1: Ball
1-1: Ball
2-1: Fly out, F8 (Flyball, 8RD)
Top of the 3rd over - 0 run(s), 2 hit(s), 0 error(s), 3 left on base; Dunedin 0 - Montgomery 1
BOTTOM OF THE 3RD
Montgomery Grey Sox batting - Pitching for Dunedin Blue Jays : RHP Carlos Díaz
Batting: RHB Rusty Downy 0-0: Ball
1-0: Ball
2-0: Fly out, F4 (Popup, 13)
Batting: RHB Félix Cruz 0-0: Called Strike
0-1: Ball
1-1: Foul Ball, location: 2F
1-2: Fly out, F6 (Popup, 7LS)
Batting: LHB Al Gaines 0-0: Called Strike
0-1: Swinging Strike
0-2: Foul Ball, location: 2F
0-2: SINGLE (Groundball, 4MD)
Batting: RHB Bob Johnson 0-0: Called Strike
0-1: Ball
1-1: Ball
2-1: SINGLE (Line Drive, 8RS)
Al Gaines to second
Runner from 2nd tries for 3rd, SAFE, no throw or cutoff
Batting: SHB Hoyt Norris 0-0: DOUBLE (Flyball, 78M)
Al Gaines scores
Bob Johnson to third
Runner from 3rd tries for Home, SAFE, no throw or cutoff
Batting: SHB Joe Pierce 0-0: Ball
1-0: 2-RUN HOME RUN (Flyball, 9D), Distance : 384 ft
Batting: RHB José Carlos Caraballo 0-0: Called Strike
0-1: DOUBLE (Flyball, 89M)
Batting: RHB Sergio Gonzáles 0-0: Hit by Pitch
Batting: RHB José Montoya 0-0: SINGLE (Groundball, 56)
José Carlos Caraballo to third
Sergio Gonzáles to second
Runner from 3rd tries for Home, SAFE, no throw or cutoff
Batting: RHB Rusty Downy 0-0: Called Strike
0-1: Ball
1-1: Fly out, F9 (Flyball, 89M)
Bottom of the 3rd over - 5 run(s), 6 hit(s), 0 error(s), 2 left on base; Dunedin 0 - Montgomery 6
TOP OF THE 4TH
Dunedin Blue Jays batting - Pitching for Montgomery Grey Sox : RHP Michael Young
Batting: RHB Gilberto Tovar 0-0: Swinging Strike
0-1: Ball
1-1: Foul Ball, location: 2F
1-2: Ball
2-2: Strikes out looking
Batting: RHB David Castillo 0-0: Ball
1-0: Ball
2-0: Foul Ball, location: 2F
2-1: Foul Ball, location: 2F
2-2: Foul Ball, location: 2F
2-2: Ball
3-2: Hit by Pitch
Batting: LHB Roberto Félix 0-0: Ball
1-0: Called Strike
1-1: Called Strike
1-2: Ball
2-2: Strikes out looking
Batting: RHB Andrew O'Dell 0-0: Ball
1-0: Ball
2-0: Called Strike
2-1: SINGLE (Flyball, 9LS)
David Castillo to second
Pitching: RHP Brian Barker
Batting: RHB José Murillo 0-0: Ball
1-0: Fielders Choice at 2nd, 5-4 (Groundball, 56)
Top of the 4th over - 0 run(s), 1 hit(s), 0 error(s), 1 left on base; Dunedin 0 - Montgomery 6
BOTTOM OF THE 4TH
Montgomery Grey Sox batting - Pitching for Dunedin Blue Jays : RHP Carlos Díaz
Batting: RHB Félix Cruz 0-0: SINGLE (Groundball, 56)
Batting: LHB Al Gaines 0-0: Foul Ball, location: 2F
0-1: Foul Ball, location: 2F
0-2: Strikes out swinging
Batting: RHB Bob Johnson 0-0: Ball
1-0: Foul Ball, location: 2F
1-1: Foul Ball, location: 2F
1-2: Ball
2-2: Strikes out swinging
Batting: SHB Hoyt Norris 0-0: Ball
1-0: Called Strike
Félix Cruz is caught stealing 2nd base
Bottom of the 4th over - 0 run(s), 1 hit(s), 0 error(s), 0 left on base; Dunedin 0 - Montgomery 6
TOP OF THE 5TH
Dunedin Blue Jays batting - Pitching for Montgomery Grey Sox : RHP Brian Barker
Batting: RHB Willie De La Cruz 0-0: Ball
1-0: Foul Ball, location: 2F
1-1: Ball
2-1: Ground out 6-3 (Groundball, 6M)
Batting: RHB Fernando Bórquez 0-0: Ball
1-0: Foul Ball, location: 2F
1-1: Foul Ball, location: 2F
1-2: Ball
2-2: Ball
3-2: Foul Ball, location: 2F
3-2: Ground out 6-3 (Groundball, 6M)
Batting: RHB António Aguilar 0-0: Ball
1-0: Called Strike
1-1: Foul Ball, location: 2F
1-2: Ball
2-2: Ball
3-2: Base on Balls
Batting: RHB Keith Ivey 0-0: Fly out, F9 (Flyball, 9LS)
Top of the 5th over - 0 run(s), 0 hit(s), 0 error(s), 1 left on base; Dunedin 0 - Montgomery 6
BOTTOM OF THE 5TH
Montgomery Grey Sox batting - Pitching for Dunedin Blue Jays : RHP Carlos Díaz
Batting: SHB Hoyt Norris 0-0: Ball
1-0: Foul Ball, location: 2F
1-1: Ball
2-1: Fly out, F7 (Flyball, 7LS)
Pitching: RHP George Floyd
Batting: SHB Joe Pierce 0-0: Fly out, F7 (Flyball, 7M)
Batting: RHB José Carlos Caraballo 0-0: Ball
1-0: Ball
2-0: Called Strike
2-1: Foul Ball, location: 2F
2-2: Strikes out looking
Bottom of the 5th over - 0 run(s), 0 hit(s), 0 error(s), 0 left on base; Dunedin 0 - Montgomery 6
TOP OF THE 6TH
Dunedin Blue Jays batting - Pitching for Montgomery Grey Sox : RHP Brian Barker
Batting: RHB Gilberto Tovar 0-0: Foul Ball, location: 2F
0-1: Foul Ball, location: 2F
0-2: Ball
1-2: Foul Ball, location: 2F
1-2: Strikes out swinging
Batting: RHB David Castillo 0-0: Swinging Strike
0-1: Called Strike
0-2: Strikes out swinging
Batting: LHB Roberto Félix 0-0: Ball
1-0: Ball
2-0: Ball
3-0: Base on Balls
Batting: RHB Andrew O'Dell 0-0: Ball
1-0: Ball
Roberto Félix steals 2nd base
2-0: Swinging Strike
2-1: Ball
3-1: Foul Ball, location: 2F
3-2: Foul Ball, location: 2F
3-2: Strikes out looking
Top of the 6th over - 0 run(s), 0 hit(s), 0 error(s), 1 left on base; Dunedin 0 - Montgomery 6
BOTTOM OF THE 6TH
Montgomery Grey Sox batting - Pitching for Dunedin Blue Jays : RHP George Floyd
Batting: RHB Sergio Gonzáles 0-0: Ball
1-0: Foul Ball, location: 2F
1-1: Foul Ball, location: 2F
1-2: Foul Ball, location: 2F
1-2: Foul Ball, location: 2F
1-2: Strikes out swinging
Batting: RHB José Montoya 0-0: Ball
1-0: Ball
2-0: Ball
3-0: Called Strike
3-1: Base on Balls
Batting: RHB Rusty Downy 0-0: Called Strike
0-1: Foul Ball, location: 2F
0-2: SINGLE (Groundball, 6S) (infield hit)
José Montoya to second
Pitching: RHP Cliff Wolfe
Batting: RHB Félix Cruz 0-0: SINGLE (Line Drive, 89M)
José Montoya to third
Rusty Downy to second
Batting: LHB Al Gaines 0-0: Ball
1-0: SINGLE (Groundball, 34)
José Montoya scores
Rusty Downy to third
Félix Cruz to second
Runner from 3rd tries for Home, SAFE, throw made home
Félix Cruz to third
Al Gaines to second
Batting: RHB Bob Johnson 0-0: Foul Ball, location: 2F
0-1: Ball
1-1: Foul Ball, location: 2F
1-2: Strikes out swinging
Batting: SHB Hoyt Norris 0-0: Ball
1-0: Called Strike
1-1: Ball
2-1: Swinging Strike
2-2: Strikes out swinging
Bottom of the 6th over - 2 run(s), 3 hit(s), 0 error(s), 2 left on base; Dunedin 0 - Montgomery 8
TOP OF THE 7TH
Dunedin Blue Jays batting - Pitching for Montgomery Grey Sox : RHP Brian Barker
Pitching: RHP Paulino Talone
Batting: RHB José Murillo 0-0: Called Strike
0-1: Ball
1-1: Ball
2-1: Ball
3-1: Called Strike
3-2: Foul Ball, location: 2F
3-2: Strikes out swinging
Batting: RHB Willie De La Cruz 0-0: Ball
1-0: Called Strike
1-1: Ball
2-1: Called Strike
2-2: Ball
3-2: Fly out, F7 (Line Drive, 78S)
Batting: RHB Fernando Bórquez 0-0: SINGLE (Line Drive, 78S)
Batting: RHB António Aguilar 0-0: Ball
Wild Pitch!
Fernando Bórquez to second
1-0: Ball
2-0: Fly out, F7 (Popup, 78S)
Top of the 7th over - 0 run(s), 1 hit(s), 0 error(s), 1 left on base; Dunedin 0 - Montgomery 8
BOTTOM OF THE 7TH
Montgomery Grey Sox batting - Pitching for Dunedin Blue Jays : RHP Cliff Wolfe
Batting: SHB Joe Pierce 0-0: SINGLE (Groundball, 56)
Batting: RHB José Carlos Caraballo 0-0: Foul Ball, location: 2F
0-1: Foul Ball, location: 2F
0-2: Foul Ball, location: 2F
0-2: Ball
1-2: Ball
2-2: Ball
3-2: Strikes out swinging
Pitching: LHP Manuel Santiago
Batting: RHB Sergio Gonzáles 0-0: Grounds into double play, 4-6-3 (Groundball, 34)
Bottom of the 7th over - 0 run(s), 1 hit(s), 0 error(s), 0 left on base; Dunedin 0 - Montgomery 8
TOP OF THE 8TH
Dunedin Blue Jays batting - Pitching for Montgomery Grey Sox : RHP Paulino Talone
Batting: RHB Keith Ivey 0-0: Called Strike
0-1: Ball
1-1: Ball
2-1: Foul Ball, location: 2F
2-2: Foul Ball, location: 2F
2-2: Foul Ball, location: 2F
2-2: Ball
3-2: Base on Balls
Batting: RHB Gilberto Tovar 0-0: Ball
1-0: Called Strike
1-1: Ball
2-1: Ball
3-1: Base on Balls
Keith Ivey to second
Batting: RHB David Castillo 0-0: Swinging Strike
0-1: Ball
1-1: Ball
2-1: Ball
3-1: Called Strike
3-2: Fly out, F8 (Flyball, 8LS)
Batting: LHB Roberto Félix 0-0: Called Strike
0-1: Swinging Strike
0-2: Ball
1-2: Strikes out looking
Batting: RHB Andrew O'Dell 0-0: Called Strike
0-1: Called Strike
0-2: Ball
Wild Pitch!
Keith Ivey to third
Gilberto Tovar to second
1-2: SINGLE (Groundball, 3L)
Keith Ivey scores
Gilberto Tovar to third
Runner from 3rd tries for Home, SAFE, no throw or cutoff
Batting: RHB José Murillo 0-0: SINGLE (Groundball, 56D)
Andrew O'Dell to second
Batting: RHB Willie De La Cruz 0-0: Called Strike
0-1: Swinging Strike
0-2: Fly out, F3 (Popup, 3S)
Top of the 8th over - 2 run(s), 2 hit(s), 0 error(s), 2 left on base; Dunedin 2 - Montgomery 8
BOTTOM OF THE 8TH
Montgomery Grey Sox batting - Pitching for Dunedin Blue Jays : LHP Manuel Santiago
Batting: RHB José Montoya 0-0: Swinging Strike
0-1: Foul Ball, location: 2F
0-2: Ball
1-2: Fly out, F8 (Flyball, 8LM)
Batting: RHB Rusty Downy 0-0: Ball
1-0: Foul Ball, location: 2F
1-1: Ball
2-1: Ball
3-1: Called Strike
3-2: Foul Ball, location: 2F
3-2: Base on Balls
Batting: RHB Félix Cruz 0-0: Called Strike
0-1: Called Strike
0-2: Strikes out swinging
Batting: LHB Al Gaines 0-0: Called Strike
0-1: Called Strike
0-2: Foul Ball, location: 2F
0-2: Foul Ball, location: 2F
0-2: Fly out, F9 (Flyball, 9M)
Bottom of the 8th over - 0 run(s), 0 hit(s), 0 error(s), 1 left on base; Dunedin 2 - Montgomery 8
TOP OF THE 9TH
Dunedin Blue Jays batting - Pitching for Montgomery Grey Sox : RHP Paulino Talone
Batting: RHB Fernando Bórquez 0-0: Called Strike
0-1: SINGLE (Groundball, 56D)
Batting: RHB António Aguilar 0-0: Foul Ball, location: 2F
0-1: Ball
1-1: Fly out, F7 (Flyball, 7M)
Batting: RHB Keith Ivey 0-0: SINGLE (Groundball, 5D)
Fernando Bórquez to second
Batting: RHB Gilberto Tovar 0-0: Ball
1-0: Ball
2-0: Called Strike
2-1: Ball
3-1: Swinging Strike
3-2: Fly out, F8 (Flyball, 8RM)
Batting: RHB David Castillo 0-0: Ground out 5-3 (Groundball, 5S)
Top of the 9th over - 0 run(s), 2 hit(s), 0 error(s), 2 left on base; Dunedin 2 - Montgomery 8
Monday, December 5th, 2016 - OOTP Baseball 17.12 Build 75